 Dungeon Crawl Stone Soup version 0.29.1-15-g9cfb28693d (webtiles) character file.

Game seed: 8881000383593935418

6004 Hugehornet the Protected (level 10, -9/96 (99) HPs)
             Began as a Gargoyle Fighter on Feb 21, 2023.
             Mangled by a freezing wraith (10 damage)
             ... summoned by a worldbinder
             ... on level 1 of the Abyss.
             The game lasted 00:31:36 (12602 turns).

Hugehornet the Protected (Gargoyle Fighter)        Turns: 12602, Time: 00:31:36

HP:   -9/96 (99)    AC: 25    Str: 20    XL:     10   Next: 85%
MP:   13/14         EV:  2    Int: 19    God:
Gold: 482           SH: 10    Dex:  9    Spells: 14/14 levels left

rFire   . . .      SeeInvis +   a - +0 war axe
rCold   . . .      Faith    .   O - +0 buckler
rNeg    + . .      Spirit   .   (body armour currently unavailable)
rPois   ∞          Reflect  +   (helmet currently unavailable)
rElec   .          Harm     .   (cloak currently unavailable)
rCorr   .          Rampage  .   (gloves currently unavailable)
Will    .....      NoTele   +   (boots currently unavailable)
Stlth   +.........              e - amulet of reflection
HPRegen 0.26/turn               A - ring of see invisible
MPRegen 0.14/turn               B - +6 ring of intelligence

@: tree-form, lightly drained
A: stationary, stasis, torment immunity, boosted hp, sickness immunity, AC +7,
negative energy resistance 1, (electricity resistance), torment resistance 1,
petrification resistance
a: no special abilities


You were on level 1 of the Abyss.
You were a tree.
You visited 2 branches of the dungeon, and saw 10 of its levels.
You visited the Abyss 1 time.
You also visited: Sewer and Ossuary.

You collected 547 gold pieces.
You spent 65 gold pieces at shops.

Inventory:

Hand Weapons
 a - a +0 war axe (weapon)
 v - a +0 arbalest
 P - a +0 hammer of venom
Armour
 d - an orb of light
 g - a +0 cloak (melded)
 k - a +2 pair of gloves of stealth (melded)
 n - a +0 helmet (melded)
 s - a +0 scale mail of willpower
 u - a +0 pair of boots (melded)
 M - a +0 plate armour (melded)
 O - a +0 buckler (worn)
Jewellery
 c - a +6 ring of intelligence
 e - an amulet of reflection (around neck)
 p - an amulet of faith
 A - a ring of see invisible (left branch)
 B - a +6 ring of intelligence (right branch)
 D - a ring of protection from fire
Wands
 y - a wand of flame (26)
 C - a wand of paralysis (9)
Scrolls
 f - 4 scrolls of teleportation
 h - 4 scrolls of fog {unknown}
 l - 2 scrolls of immolation {unknown}
 o - 2 scrolls of blinking {unknown}
 q - 8 scrolls of identify
 w - 2 scrolls of fear {unknown}
 x - a scroll of enchant weapon {unknown}
 z - 2 scrolls of vulnerability {unknown}
 E - 2 scrolls of magic mapping {unknown}
 G - 2 scrolls of summoning {unknown}
 N - 2 scrolls of amnesia {unknown}
Potions
 b - a potion of cancellation {unknown}
 i - 2 potions of lignification
 m - 3 potions of haste
 r - a potion of attraction {unknown}
 t - 2 potions of might
 F - a potion of brilliance {unknown}
 H - a potion of degeneration {unknown}
 I - a potion of ambrosia {unknown}
 K - a potion of magic
 L - 2 potions of flight {unknown}
 Q - a potion of berserk rage {unknown}


   Skills:
 + Level 9.2 Fighting
 + Level 7.3 Axes
 * Level 10.5 Armour
 - Level 7.6 Shields
 * Level 2.8 Spellcasting


You had 14 spell levels left.
You didn't know any spells.
Your spell library contained the following spells:

 Spells                   Type           Power      Damage    Failure   Level
 Confusing Touch          Hex            2%         N/A       50%         3
 Fireball                 Conj/Fire      1%         3d3       99%         5
 Iskenderun's Battlesphe  Conj           2%         2d6       99%         5
 Yara's Violent Unravell  Hex/Tmut       1%         3d3       99%         5
 Conjure Ball Lightning   Conj/Air       1%         3x3d6     100%        6
 Enfeeble                 Hex            1%         N/A       100%        7
 Orb of Destruction       Conj           1%         9d5       100%        7


Dungeon Overview and Level Annotations

Branches:
Dungeon (9/15)             Temple (1/1) D:6            Lair (0/5) D:8
  Sewer (visited)         Ossuary (visited)
    Orc: D:9-12

Altars:
Ashenzari
Cheibriados
Dithmenos
Elyvilon
Fedhas
Gozag
Kikubaaqudgha
Makhleb
Qazlal
Ru
Sif Muna
Trog
Uskayaw
Wu Jian
Xom
Yredelemnul
Zin
The Shining One

Shops:
D:2 !

Annotations:
D:9 Erolcha


Innate Abilities, Weirdness & Mutations

You are a tree.
Your roots penetrate the ground, keeping you stationary.
You cannot be teleported.
You are immune to unholy pain and torment.
Your maximum health is greatly increased.
Your equipment is partially melded.
You are immune to sickness and miasma.
((Your stone body is resilient. (AC +7)))
You are immune to poison.
You resist negative energy. (rN+)
((You are resistant to electric shocks. (rElec)))
You are resistant to unholy torment.
You are immune to petrification.


Message History

The worldbinder hits you but does no damage. x2
You hit the large abomination.
The large abomination is severely damaged.
You barely miss the worldbinder.
The worldbinder hits you but does no damage.
The worldbinder barely misses you.
You block the large abomination's attack.
You slash the large abomination!
The large abomination is severely damaged.
You barely miss the worldbinder.
The worldbinder hits you but does no damage.
The worldbinder completely misses you. The large abomination hits you!
* * * LOW HITPOINT WARNING * * *
The worldbinder calls forth creatures from the Crypt!
You slash the large abomination!
The large abomination is almost destroyed.
You hit the worldbinder.
The freezing wraith disappears in a puff of smoke!
You block the worldbinder's attack.
The worldbinder hits you but does no damage.
The large abomination hits you!
* * * LOW HITPOINT WARNING * * *
You block the worldbinder's attack.
The worldbinder hits you but does no damage.
It was a potion of magic.
Magic courses through your body.
The large abomination hits you but does no damage.
The worldbinder hits you but does no damage. x2
You slash the large abomination!
You destroy the large abomination!
You barely miss the worldbinder. You block the worldbinder's attack.
The worldbinder hits you but does no damage.
You block the worldbinder's attack. x2
You hit the worldbinder but do no damage.
The worldbinder is lightly damaged.
You barely miss the freezing wraith.
The worldbinder hits you but does no damage.
You block the worldbinder's attack. The freezing wraith hits you.
* * * LOW HITPOINT WARNING * * *
The freezing wraith freezes you!
You die...

#.. .. ..
. .# #.##
##x..#...
#♣Wx..#
####.##


You could see a freezing wraith (summoned), a worldbinder and a small
abomination.

Vanquished Creatures
  A two-headed ogre (D:8)
  Prince Ribbit (D:7)
  A large abomination (Abyss:1)
  6 yaks
  2 steam dragons
  A water moccasin (D:7)
  An ice beast (D:6)
  An orc warrior (D:8)
  3 black bears
  An ogre (D:5)
  2 phantoms
  A kobold brigand (D:7)
  6 bullfrogs
  2 wyvern zombies (D:7)
  6 scorpions
  4 necrophages
  3 water moccasin zombies (Ossuary)
  4 wights (D:8)
  A howler monkey (D:6)
  2 centaur zombies (D:7)
  3 hounds
  4 orc priests
  Crazy Yiuf (D:6)
  A jelly (D:7)
  An iron imp (D:4)
  6 iguanas
  A gnoll bouda (D:4)
  7 orc wizards
  Natasha (thrice) (D:2)
  3 killer bee zombies (D:7)
  A hound skeleton (D:7)
  3 mummies
  19 gnolls
  15 adders
  7 river rats
  A shadow imp (D:6)
  2 white imps
  2 ufetubi
  8 adder zombies (Ossuary)
  2 worms (D:3)
  A dart slug (D:2)
  38 orcs
  16 ball pythons
  5 endoplasms
  11 giant cockroaches
  36 goblins
  28 hobgoblins
  2 jackals (D:4)
  2 quokkas
  6 bats
  9 frilled lizards
  2 gnoll zombies (Ossuary)
  6 hobgoblin zombies (Ossuary)
  10 kobolds
  5 kobold zombies (Ossuary)
  3 orc zombies (Ossuary)
  31 rats
350 creatures vanquished.

Vanquished Creatures (others)
  5 fungi (D:8)
  9 plants
14 creatures vanquished.

Grand Total: 364 creatures vanquished

Notes
Turn   | Place    | Note
-------+----------+-------------------------------------------
     0 | D:1      | Hugehornet the Gargoyle Fighter began the quest for the
                  | Orb.
     0 | D:1      | Reached XP level 1. HP: 14/14 MP: 1/1
   145 | D:1      | Reached XP level 2. HP: 17/19 MP: 2/2
   555 | D:1      | Reached XP level 3. HP: 23/23 MP: 3/3
   901 | D:2      | Noticed Natasha
   912 | D:2      | Killed Natasha
   915 | D:2      | Reached XP level 4. HP: 25/29 MP: 4/4
  1177 | D:2      | Found Walisoec's Distillery.
  1181 | D:2      | Bought a potion of heal wounds for 65 gold pieces
  1223 | D:2      | Reached skill level 4 in Armour
  1262 | D:2      | Noticed Natasha
  1267 | D:2      | Killed Natasha
  1336 | D:2      | Found a faded altar of an unknown god.
  1730 | D:2      | Noticed Natasha
  1739 | D:2      | Killed Natasha
  1740 | D:2      | Reached XP level 5. HP: 20/33 MP: 5/5
  2736 | D:3      | Reached XP level 6. HP: 16/39 MP: 6/6
  3212 | D:4      | Noticed a black bear
  3695 | D:4      | Reached skill level 5 in Armour
  3886 | D:4      | Reached skill level 5 in Fighting
  3886 | D:4      | Reached skill level 5 in Shields
  3887 | D:4      | Killed a black bear
  3888 | D:4      | Reached XP level 7. HP: 38/44 MP: 7/7
  4301 | D:4      | Found a snail-covered altar of Cheibriados.
  5649 | D:5      | Entered Level 5 of the Dungeon
  5742 | D:5      | Reached XP level 8. HP: 50/51 MP: 8/8
  5942 | D:5      | Reached skill level 6 in Armour
  6325 | D:5      | Found an opulent altar of Gozag.
  6680 | D:5      | Noticed a yak
  6680 | D:5      | Noticed a yak
  6682 | D:5      | Noticed a yak
  6696 | D:5      | Killed a yak
  6706 | D:5      | Killed a yak
  6707 | D:5      | Reached skill level 5 in Axes
  6715 | D:5      | Killed a yak
  7106 | D:6      | Reached XP level 9. HP: 54/56 MP: 9/9
  7117 | D:6      | Reached skill level 7 in Armour
  7121 | D:6      | Found a staircase to the Ecumenical Temple.
  7352 | D:6      | Found a runed translucent door.
  7353 | D:6      | Noticed Crazy Yiuf
  7471 | D:6      | Found a glowing drain.
  7483 | Sewer    | Entered a sewer
  8318 | Temple   | Entered the Ecumenical Temple
  8818 | D:6      | Killed Crazy Yiuf
  9368 | D:7      | Found a glowing golden altar of the Shining One.
  9384 | D:7      | Reached skill level 8 in Armour
  9397 | D:7      | Found a blossoming altar of Fedhas.
  9486 | D:7      | Noticed Prince Ribbit
  9533 | D:7      | Killed Prince Ribbit
  9709 | D:7      | Found a white marble altar of Elyvilon.
  9963 | D:7      | Reached XP level 10. HP: 64/64 MP: 10/10
  9986 | D:7      | Found a basalt altar of Yredelemnul.
 10001 | D:7      | Reached skill level 9 in Armour
 10336 | D:7      | Found a burning altar of Makhleb.
 10683 | D:8      | Found a sand-covered staircase.
 10692 | Ossuary  | Entered an ossuary
 11091 | D:8      | Found a staircase to the Lair.
 11109 | D:8      | Reached skill level 10 in Armour
 11597 | D:8      | Noticed a two-headed ogre
 11601 | D:8      | Reached skill level 1 in Spellcasting
 11611 | D:8      | Killed a two-headed ogre
 12318 | D:9      | Noticed Erolcha
 12329 | Abyss:1  | Cast into level 1 of the Abyss (Erolcha)
 12330 | Abyss:1  | Found a corrupted altar of Lugonu.
 12360 | Abyss:1  | Noticed an apocalypse crab
 12379 | Abyss:1  | Noticed an apocalypse crab
 12413 | Abyss:1  | Paralysed by an apocalypse crab for 2 turns
 12419 | Abyss:1  | Noticed a hellion
 12570 | Abyss:1  | Noticed a worldbinder
 12575 | Abyss:1  | Noticed a necromancer
 12575 | Abyss:1  | Noticed a skeletal warrior
 12583 | Abyss:1  | Noticed a skeletal warrior
 12585 | Abyss:1  | Noticed a necromancer
 12599 | Abyss:1  | HP: 2/93 [large abomination (13)]
 12602 | Abyss:1  | Mangled by a freezing wraith

Illustrated notes

Levels and vault maps discovered:
D:1:      lemuel_arrival_muddy, layout_basic, minmay_worlds_worst_comb
D:2:      layout_basic, serial_shops, nicolae_shop_trees,
          chequers_ecumenical_altar_island, uniq_natasha
D:3:      layout_basic
D:4:      minmay_goblin_kobold_castle, layout_basic, chei_slow_surprise
D:5:      layout_basic, mainiacjoe_overflow_small_starburst, serial_bayou_pond_c
D:6:      layout_gridville, minmay_temple_entry_sparse_star,
          portal_sewer_entry_a, minmay_chambers_of_fives,
          uniq_crazy_yiuf_cottage
D:7:      layout_basic, fedhas_altar_fruit_tree, lemuel_tele_altar,
          nicolae_yredelemnul_corpse_copse, makhleb_blood_cavern_becter,
          tso_metal_star, uniq_prince_ribbit1
D:8:      layout_basic, grunt_lair_entry_orc_guard_hut,
          gup_ossuary_entry_pyramid, hangedman_abyss_or_decor_lesser_grid
D:9:      layout_cave_pools, ebering_ghost_gozag, serial_gnoll_camp,
          gnoll_camp_mini_shop, gnoll_camp_mini_hut, gnoll_camp_mini_hut,
          gnoll_camp_mini_hut, uniq_erolcha, uniq_joseph
Temple:   minmay_temple_curvy_loop
Abyss:1:  base:
D:4

Skill      XL: |  1  2  3  4  5  6  7  8  9 10 |
---------------+-------------------------------+-----
Axes           | 2 3 4 5 6 7 |  7.3
Armour         | 4 5 6 8 10 | 10.5
Fighting       | 4 5 6 8 9 |  9.2
Shields        | 4 5 6 7 |  7.6
Spellcasting   | 2 |  2.8

Action                   |  1- 3 |  4- 6 |  7- 9 | 10-12 || total
-------------------------+-------+-------+-------+-------++-------
Melee: War axe           |    76 |   280 |   607 |   314 ||  1277
  Use: Potion            |       |     4 |     5 |    15 ||    24
       Scroll            |       |       |       |     3 ||     3
Armor: Scale mail        |    52 |   160 |   370 |       ||   582
       Plate armour      |       |       |    68 |   270 ||   338
       Skin              |       |       |       |    14 ||    14
Dodge: Dodged            |    52 |   124 |   332 |    69 ||   577
Block: Buckler           |    23 |   130 |   452 |   190 ||   795
       Reflection        |       |    12 |     5 |     1 ||    18
